 Dungeon Crawl Stone Soup version 0.31-a0-640-g39d97e502b (webtiles) character file.

Game seed: 18267811551635152874

107 qw the Shooter (level 4, -2/28 HPs)
             Began as a Gargoyle Hunter on Aug 27, 2023.
             Slain by Terence
             ... wielding a +0 short sword
              (4 damage)
             ... on level 3 of the Dungeon.
             The game lasted 00:00:38 (1345 turns).

qw the Shooter (Gargoyle Hunter)                    Turns: 1345, Time: 00:00:38

Health: -2/28      AC:  8    Str: 14    XL:     4   Next: 86%
Magic:  4/4        EV: 11    Int: 10    God:
Gold:   99         SH:  0    Dex: 15    Spells: 3/3 levels left

rFire   . . .        Y - +0 shortbow
rCold   . . .        (shield currently unavailable)
rNeg    + . .        c - +0 leather armour
rPois   inf          h - +1 helmet
rElec   +            (no cloak)
rCorr   .            (no gloves)
SInv    .            (no boots)
Will    .....        (no amulet)
Stlth   ++           (no ring)
HPRegen 0.24/turn    (no ring)
MPRegen 0.09/turn

%: no passive effects
@: no status effects
A: sickness immunity, AC +3, negative energy resistance 1, electricity
resistance, torment resistance 1, petrification resistance
a: no special abilities


You were on level 3 of the Dungeon.
You visited 1 branch of the dungeon, and saw 3 of its levels.

You collected 99 gold pieces.


Innate Abilities, Weirdness & Mutations

You are immune to sickness and miasma.
Your stone body is resilient. (AC +3)
You are immune to poison.
You resist negative energy. (rN+)
You are resistant to electric shocks. (rElec)
You are resistant to unholy torment.
You are immune to petrification.


   Skills:
 - Level 3.0 Fighting
 + Level 5.7 Ranged Weapons
 - Level 1.5 Dodging
 - Level 1.1 Stealth


You had 3 spell levels left.
You didn't know any spells.
Your spell library was empty.

Inventory:

Hand Weapons
 Y - a +0 shortbow (weapon)
Armour
 c - a +0 leather armour (worn)
 h - a +1 helmet (worn)
Jewellery
 g - a ring of ice
Potions
 b - a potion of heal wounds {unknown}
 e - a potion of lignification {unknown}
 f - a potion of enlightenment {unknown}
 i - 2 potions of might {unknown}

Dungeon Overview and Level Annotations

Branches:
Dungeon (3/15)

Altars:

Annotations:
D:3 Terence


Message History

The adder bites you. The adder closely misses you.
You shoot an arrow. The arrow hits the adder.
The adder is heavily wounded.
The adder bites you but does no damage.
You shoot an arrow. The arrow closely misses the adder.
The arrow barely misses the iguana.
The arrow hits the orc priest!
The orc priest is almost dead.
The adder bites you but does no damage.
The orc priest looks encouraged for a moment.
The adder bites you.
You shoot an arrow. The arrow hits the adder!
You kill the adder!
The orc priest miscasts a cantrip.
You shoot an arrow.
The arrow hits the iguana but does no damage.
The iguana barely misses you.
The orc priest invokes the aid of Beogh against you.
Beogh smites you! The iguana bites you.
1339 ||| READING scroll of teleportation.
As you read the scroll of teleportation, it crumbles to dust.
You feel strangely unstable. The iguana barely misses you.
You shoot an arrow.
The arrow hits the iguana but does no damage.
The iguana closely misses you.
You shoot an arrow. The arrow closely misses the iguana.
The arrow hits the orc.
You kill the orc!
The iguana bites you.
You shoot an arrow. The arrow barely misses the iguana.
The arrow hits the orc but does no damage.
Your surroundings suddenly seem different.
Terence the Incautious comes into view.
He is wielding a +0 short sword.
You shoot an arrow. The arrow hits Terence.
Terence shouts!
Terence is lightly wounded.
You shoot an arrow. The arrow barely misses Terence.
You shoot an arrow. The arrow hits Terence!
Terence is heavily wounded.
Terence hits you with a +0 short sword.
You die...

##..##.....
..# #
####.# #.#
#..# #.#
#.## #.# #.
#.# .. #.#
... #.# #..
#@# ...
#@...#
..#.##
#.....#
#... .#
#.....#
..... #
......


You could see Terence.

Vanquished Creatures
  5 adders
  An ufetubus (D:3)
  A worm (D:2)
  A dart slug (D:2)
  3 orcs (D:3)
  5 ball pythons
  2 endoplasms (D:2)
  3 giant cockroaches
  2 goblins (D:2)
  4 hobgoblins
  4 jackals
  A quokka (D:2)
  8 bats
  A frilled lizard (D:1)
  3 kobolds
  3 rats
47 creatures vanquished.

Notes
Turn   | Place    | Note
-------+----------+-------------------------------------------
     0 | D:1      | qw the Gargoyle Hunter began the quest for the Orb.
     0 | D:1      | Reached XP level 1. HP: 12/12 MP: 1/1
     0 | D:1      | 0 ||| qw: Version: 0.3-a-74-g0d5e918
     0 | D:1      | 0 ||| qw: Game counter: 171
     0 | D:1      | 0 ||| qw: Melee chars always use a shield: true
     0 | D:1      | 0 ||| qw: God list: Okawaru
     0 | D:1      | 0 ||| qw: Allow faded altars: false
     0 | D:1      | 0 ||| qw: Do Orc after clearing Dungeon:15 true
     0 | D:1      | 0 ||| qw: Do second Lair branch before Depths: true
     0 | D:1      | 0 ||| qw: Lair rune preference: random
     0 | D:1      | 0 ||| qw: Goals: Normal
     0 | D:1      | 0 ||| PLANNING D:1-11
    68 | D:1      | Reached XP level 2. HP: 17/17 MP: 2/2
   123 | D:1      | Found a faded altar of an unknown god.
   552 | D:1      | 552 ||| UPGRADING to +1 helmet.
   557 | D:1      | 557 ||| READING scroll labelled SEFAWI OQEO.
   560 | D:1      | 560 ||| DROPPING scroll of butterflies.
   596 | D:2      | Reached skill level 5 in Ranged Weapons
   596 | D:2      | Reached XP level 3. HP: 18/21 MP: 3/3
   874 | D:2      | Reached skill level 3 in Fighting
   941 | D:2      | Reached XP level 4. HP: 16/28 MP: 4/4
  1170 | D:2      | 1170 ||| READING scroll labelled QUCLOX XOD AHU.
  1313 | D:3      | 1313 ||| RETREATING.
  1315 | D:3      | 1315 ||| Stepping ~*~*~tactically~*~*~ (retreating).
  1316 | D:3      | 1316 ||| Stepping ~*~*~tactically~*~*~ (retreating).
  1317 | D:3      | 1317 ||| Stepping ~*~*~tactically~*~*~ (retreating).
  1318 | D:3      | 1318 ||| Stepping ~*~*~tactically~*~*~ (retreating).
  1322 | D:3      | 1322 ||| Stepping ~*~*~tactically~*~*~ (retreating).
  1323 | D:3      | 1323 ||| Stepping ~*~*~tactically~*~*~ (retreating).
  1324 | D:3      | 1324 ||| Stepping ~*~*~tactically~*~*~ (retreating).
  1338 | D:3      | HP: 4/28 [iguana (5)]
  1339 | D:3      | 1339 ||| READING scroll of teleportation.
  1341 | D:3      | HP: 1/28 [iguana (4)]
  1342 | D:3      | Noticed Terence
  1345 | D:3      | Slain by Terence

Levels and vault maps discovered:
D:1:      enne_arrival_octagon_isle, layout_rooms,
          shapermc_ecumenical_altar_starsandcircs,
          chequers_serial_rivers_large_a, minivault_14, minivault_27
D:2:      layout_basic
D:3:      layout_rooms, uniq_terence

Skill      XL: |  1  2  3 |
---------------+----------+-----
Ranged Weapons | 5 |  5.7
Fighting       | 3 |  3.0
Dodging        | |  1.5
Stealth        | |  1.1

Action                     |  1- 3 |  4- 6 || total
---------------------------+-------+-------++-------
   Fire: Shortbow          |   100 |    55 ||   155
    Use: Scroll            |     1 |     2 ||     3
 Armour: Leather armour    |    23 |    13 ||    36
  Dodge: Dodged            |    24 |    16 ||    40

Table legend:
 A = Non-vault XP
 B = Vault XP
 C = Vault XP percentage of total XP
 D = Non-vault monster count
 E = Vault monster count
 F = Vault count percentage of total count
                 A         B        C        D         E       F
            +---------+---------+-------+---------+---------+-------
      Total |     154 |       0 |   0.0 |      47 |       0 |   0.0
            +---------+---------+-------+---------+---------+-------
        D:1 |      28 |       0 |   0.0 |      16 |       0 |   0.0
        D:2 |      70 |       0 |   0.0 |      17 |       0 |   0.0
        D:3 |      56 |       0 |   0.0 |      14 |       0 |   0.0
            +---------+---------+-------+---------+---------+-------
